 Dungeon Crawl Stone Soup version 0.26-a0-259-g1effd001a9 (webtiles) character file.

Game seed: 16545984651420017798

282 Esekla the Skirmisher (level 6, -5/49 HPs)
             Began as a Formicid Abyssal Knight on July 10, 2020.
             Was a Believer of Lugonu.
             Killed from afar by an orc wizard (6 damage)
             ... with a magic dart
             ... on level 7 of the Dungeon.
             The game lasted 00:24:43 (3209 turns).

Esekla the Skirmisher (Formicid Abyssal Knight)     Turns: 3209, Time: 00:24:44

Health: -5/49      AC:  5    Str: 16    XL:     6   Next: 53%
Magic:  8/8        EV: 11    Int: 14    God:    Lugonu [**....]
Gold:   178        SH:  0    Dex: 10    Spells: 6/7 levels left

rFire    . . .     SeeInvis +   a - +2 falchion
rCold    . . .     Faith    .   (no shield)
rNeg     . . .     Spirit   .   b - +0 leather armour
rPois    .         Reflect  .   (helmet unavailable)
rElec    .         Harm     .   (no cloak)
rCorr    .                      s - +0 pair of gloves
MR       .....                  g - +0 pair of boots
Stlth    +.........             (no amulet)
HPRegen  0.16/turn              (no ring)
MPRegen  0.11/turn              (no ring)

@: confused, mighty, lethally poisoned (-5 -> -7)
A: permanent stasis, dig shafts and tunnels, four strong arms, antennae 3
a: Dig, Shaft Self, Depart the Abyss, Bend Space, Renounce Religion


You were on level 7 of the Dungeon.
You worshipped Lugonu.
Lugonu was pleased with you.
You were not hungry.

You visited 1 branch of the dungeon, and saw 7 of its levels.
You visited the Abyss 1 time.

You collected 178 gold pieces.

Inventory:

Hand Weapons
 a - a +2 falchion (weapon)
 m - a +1 dagger of pain
Missiles
 e - a poisoned dart (quivered)
Armour
 b - a +0 leather armour (worn)
 g - a +0 pair of boots (worn)
 n - a +0 buckler
 s - a +0 pair of gloves (worn)
Wands
 d - a wand of polymorph (12)
Scrolls
 f - a scroll of enchant weapon
 h - a scroll of amnesia
 o - a scroll of identify
Potions
 i - a potion of mutation
 l - 2 potions of magic
Comestibles
 c - 10 rations


   Skills:
 * Level 4.5 Fighting
 * Level 3.7 Long Blades
 + Level 1.3 Throwing
 * Level 2.8 Armour
 + Level 1.2 Dodging
 + Level 1.1 Stealth
 * Level 1.3 Spellcasting
 + Level 1.5 Translocations
 * Level 2.9 Invocations


You had 6 spell levels left.
You knew the following spells:

 Your Spells              Type           Power        Failure   Level
a - Apportation           Tloc           #.....       16%         1

Your spell library contained the following spells:

 Spells                   Type           Power        Failure   Level
 Animate Skeleton         Necr           #.....       30%         1
 Corona                   Hex            #......      30%         1
 Summon Small Mammal      Summ           #...         30%         1


Dungeon Overview and Level Annotations

Branches:
Dungeon (7/15)
 Temple: D:4-7

Altars:
The Shining One

Shops:
D:5 !

Annotations:
D:6 Edmund


Innate Abilities, Weirdness & Mutations

You cannot be hasted, slowed, berserked, paralysed or teleported.
You can dig through walls and to a lower floor.
Your four strong arms can wield two-handed weapons with a shield.
You have a pair of large antennae on your head. (SInv)


Message History

The orc wizard gestures at you while chanting.
You are confused.
The orc barely misses you.
You closely miss the adder.
The adder is almost dead.
You feel sick. The adder barely misses you. The orc wizard barely misses you.
The orc hits you with a +0 club.
* * * LOW HITPOINT WARNING * * *
The orc hits you with a +0 dagger.
* * * LOW HITPOINT WARNING * * *
The adder barely misses you.
You slash the orc wizard!
The orc wizard is severely wounded.
The orc wizard hits you with a +0 dagger.
* * * LOW HITPOINT WARNING * * *
The adder closely misses you. The orc barely misses you.
The orc wizard completely misses you. The orc hits you but does no damage.
The orc wizard points at you and mumbles some strange words.
The magic dart hits you.
You die...

#.....##
.a......#......
...............
.....####......
...%## ......##
..#... #.....##
..#..## #.....#
.....# #...oo###
..#..# #..o@..#
#.oS#o.#
#..<#..#
#..a.........
#.......#......
.....$..........
....#...........
.##.#...........
# ##.... ....


You could see a worker ant, 3 orc wizards, an adder and 2 orcs.

Vanquished Creatures
  2 bullfrogs
  Terence (D:2)
  A worker ant (D:6)
  5 adders
  A worm (D:4)
  A dart slug (D:1)
  2 leopard geckos
  3 orcs
  2 ball pythons
  A giant cockroach (D:2)
  4 goblins (D:1)
  10 hobgoblins
  2 jackals (D:2)
  2 quokkas (D:2)
  5 bats
  3 frilled lizards
  3 kobolds (D:1)
  7 rats
55 creatures vanquished.

Notes
Turn   | Place    | Note
-------+----------+-------------------------------------------
     0 | Abyss:1  | Esekla the Formicid Abyssal Knight began the quest for the
                  | Orb.
     0 | Abyss:1  | Reached XP level 1. HP: 18/18 MP: 2/2
    71 | Abyss:2  | Noticed an ice devil
   132 | Abyss:3  | Noticed a spatial vortex
   133 | Abyss:3  | Noticed a small abomination
   134 | Abyss:3  | Noticed a spatial vortex
   135 | Abyss:3  | Noticed a small abomination
   140 | Abyss:3  | Noticed a spatial vortex
   143 | Abyss:3  | Noticed a spatial maelstrom
   146 | D:1      | Escaped the Abyss
   437 | D:1      | Reached * piety under Lugonu
   438 | D:1      | Reached XP level 2. HP: 22/25 MP: 3/3
   443 | D:1      | Learned a level 1 spell: Apportation
   750 | D:2      | Found a glowing golden altar of the Shining One.
   931 | D:1      | Reached skill level 1 in Dodging
  1089 | D:2      | Reached XP level 3. HP: 9/30 MP: 4/4
  1279 | D:2      | Reached skill level 1 in Translocations
  1436 | D:2      | Reached skill level 4 in Fighting
  1451 | D:2      | Noticed Terence
  1479 | D:3      | Reached XP level 4. HP: 21/37 MP: 5/5
  1562 | D:3      | Noticed a bullfrog
  1714 | D:2      | Killed Terence
  2187 | D:2      | Reached XP level 5. HP: 42/42 MP: 6/6
  2732 | D:3      | Killed a bullfrog
  2732 | D:3      | Reached skill level 1 in Spellcasting
  3049 | D:4      | Reached skill level 1 in Throwing
  3049 | D:4      | Reached XP level 6. HP: 49/49 MP: 8/8
  3055 | D:4      | You fall into a shaft and drop 2 floors!
  3065 | D:6      | Noticed Edmund
  3066 | D:5      | Entered Level 5 of the Dungeon
  3125 | D:5      | Found Tuc Olun's Distillery.
  3161 | D:6      | Noticed a sky beast
  3170 | D:6      | Reached ** piety under Lugonu
  3196 | D:7      | Reached skill level 1 in Stealth
  3208 | D:7      | HP: 2/49 [orc/+0 dagger (2)]
  3209 | D:7      | Killed from afar by an orc wizard

Illustrated notes

Levels and vault maps discovered:
D:1:      tarquinn_simple_flora_water_a, layout_basic
D:2:      layout_basic, tso_metal_star, uniq_terence
D:3:      layout_loops_cross
D:4:      layout_loops_ring, first_ration, ebering_ghost_gozag,
          doesnt_xom_only_xom, uniq_robin
D:5:      layout_rooms, minmay_temple_entry_ruins, serial_shops,
          nicolae_shop_temple_entry_statues_fountains, corexii_checkpoint_a,
          kennysheep_generic_room_6
D:6:      layout_rooms, enter_ossuary_3, serial_shops, kennysheep_mini_moat,
          uniq_edmund, uniq_pikel
D:7:      layout_cave_pools

Skill      XL: |  1  2  3  4  5  6 |
---------------+-------------------+-----
Dodging        | 1 |  1.2
Translocations | 1 |  1.5
Fighting       | 4 |  4.5
Long Blades    | 3 |  3.7
Spellcasting   | 1 |  1.3
Throwing       | 1 |  1.3
Stealth        | 1 |  1.1
Armour         | |  2.8
Invocations    | |  2.9

Action                   |  1- 3 |  4- 6 || total
-------------------------+-------+-------++-------
Melee: Falchion          |    71 |   102 ||   173
Throw: Dart              |    17 |    23 ||    40
 Cast: Apportation       |    11 |     2 ||    13
Invok: Depart the Abyss  |     1 |       ||     1
  Use: Scroll            |     3 |     8 ||    11
       Potion            |     2 |     3 ||     5
  Eat: Ration            |     1 |     1 ||     2
Armor: Leather armour    |    22 |    20 ||    42
Dodge: Dodged            |    51 |    74 ||   125
       Rpst.: Falchion   |    13 |    21 ||    34

Table legend:
 A = Non-vault XP
 B = Vault XP
 C = Vault XP percentage of total XP
 D = Non-vault monster count
 E = Vault monster count
 F = Vault count percentage of total count
                 A         B        C        D         E       F
            +---------+---------+-------+---------+---------+-------
      Total |     367 |      36 |   8.9 |      54 |       1 |   1.8
            +---------+---------+-------+---------+---------+-------
        D:1 |      38 |       0 |   0.0 |      21 |       0 |   0.0
        D:2 |      65 |      36 |  35.6 |      18 |       1 |   5.3
        D:3 |     127 |       0 |   0.0 |       8 |       0 |   0.0
        D:4 |       6 |       0 |   0.0 |       2 |       0 |   0.0
        D:6 |      37 |       0 |   0.0 |       2 |       0 |   0.0
        D:7 |      94 |       0 |   0.0 |       3 |       0 |   0.0
            +---------+---------+-------+---------+---------+-------
